 Dungeon Crawl Stone Soup version 0.27.1 (webtiles) character file.

Game seed: 3830424334945596740

59 a11behringer the Conjurer (level 3, 0/26 HPs)
             Began as a Demigod Conjurer on Sept 3, 2021.
             Slain by a gnoll (5 damage)
             ... on level 2 of the Dungeon.
             The game lasted 00:09:15 (1451 turns).

a11behringer the Conjurer (Demigod Conjurer)        Turns: 1451, Time: 00:09:15

Health: 0/26       AC:  2    Str:  8    XL:     3   Next: 54%
Magic:  2/8        EV: 12    Int: 24    God:
Gold:   42         SH:  0    Dex: 12    Spells: 3/6 levels left

rFire    . . .     SeeInvis .   c - +0 short sword
rCold    . . .     Faith    .   (no shield)
rNeg     . . .     Spirit   .   a - +0 robe
rPois    .         Reflect  .   (no helmet)
rElec    .         Harm     .   (no cloak)
rCorr    .         Rampage  .   (no gloves)
Will     .....                  (no boots)
Stlth    ++........             (no amulet)
HPRegen  0.08/turn              (no ring)
MPRegen  0.11/turn              (no ring)

@: no status effects
A: high mp 1, forlorn
a: no special abilities


You were on level 2 of the Dungeon.
You visited 1 branch of the dungeon, and saw 2 of its levels.

You collected 42 gold pieces.

Inventory:

Hand Weapons
 c - a +0 short sword (weapon)
Armour
 a - a +0 robe (worn)
Scrolls
 e - a scroll of fear {unknown}
Potions
 b - a potion of heal wounds {unknown}
 d - a potion of lignification {unknown}
 f - a potion of mutation {unknown}


   Skills:
 + Level 2.0 Dodging
 + Level 2.0 Stealth
 - Level 0.1 Unarmed Combat
 + Level 2.0 Spellcasting
 + Level 4.6 Conjurations


You had 3 spell levels left.
You knew the following spells:

 Your Spells              Type           Power      Damage    Failure   Level
a - Magic Dart            Conj           96%        1d7       1%          1
b - Searing Ray           Conj           48%        3d5       2%          2

Your spell library contained the following spells:

 Spells                   Type           Power      Damage    Failure   Level
 Dazzling Flash           Conj/Hex       26%        N/A       14%         3
 Fulminant Prism          Conj/Hex       6%         3d7       41%         4
 Iskenderun's Mystic Bla  Conj/Tloc      13%        2d5       41%         4


Dungeon Overview and Level Annotations

Branches:
Dungeon (2/15)


Innate Abilities, Weirdness & Mutations

Your attributes grow dramatically as you level up.
You have an increased reservoir of magic. (+10% MP)
You shall have no god before yourself.


Message History

The searing ray hits the gnoll.
The gnoll is severely wounded.
The searing ray hits the gnoll!
You kill the gnoll!
The gnoll closely misses you.
Your Dodging skill increases to level 2!
Your Stealth skill increases to level 2!
Unknown command.
You closely miss the gnoll.
The gnoll is severely wounded.
The gnoll closely misses you.
You barely miss the gnoll.
The gnoll is severely wounded.
The gnoll closely misses you.
You barely miss the gnoll.
The gnoll is severely wounded.
The gnoll hits you with a +0 whip!
You hit the gnoll but do no damage.
The gnoll is severely wounded.
The gnoll barely misses you.
You hit the gnoll.
The gnoll is severely wounded.
The gnoll hits you with a +0 whip.
You hit the gnoll.
The gnoll is severely wounded.
The gnoll completely misses you.
You closely miss the gnoll.
The gnoll is severely wounded.
The gnoll hits you with a +0 whip.
You closely miss the gnoll.
The gnoll is severely wounded.
The gnoll hits you with a +0 whip.
You closely miss the gnoll.
The gnoll is severely wounded.
The gnoll hits you with a +0 whip.
* * * LOW HITPOINT WARNING * * *
You hit the gnoll but do no damage.
The gnoll is severely wounded.
The gnoll barely misses you. The gnoll hits you with a +0 whip.
You die...

#. #. #. #. ##.
################..
#.................
#.##############.. #@#
##..# #g# #..## #g# #.###
##)# #.### ######..###
##.#.. ....#.....##
#....#
........)..########.#...
............#...........
.........................


You could see 2 gnolls.

Vanquished Creatures
  A gnoll (D:2)
  2 adders (D:2)
  3 bats (D:1)
  2 endoplasms (D:1)
  3 giant cockroaches
  2 goblins (D:1)
  3 hobgoblins
  3 jackals (D:1)
  2 ball pythons (D:1)
  A ball python zombie (D:1)
  4 frilled lizards (D:1)
  A giant cockroach zombie (D:1)
  3 kobolds
30 creatures vanquished.

Vanquished Creatures (others)
  A demonic plant (D:1)
  3 fungi (D:1)
4 creatures vanquished.

Grand Total: 34 creatures vanquished

Notes
Turn   | Place    | Note
-------+----------+-------------------------------------------
     0 | D:1      | a11behringer the Demigod Conjurer began the quest for the
                  | Orb.
     0 | D:1      | Reached XP level 1. HP: 14/14 MP: 5/5
   555 | D:1      | Reached skill level 4 in Conjurations
   555 | D:1      | Reached XP level 2. HP: 17/20 MP: 0/7
   558 | D:1      | Learned a level 2 spell: Searing Ray
  1184 | D:2      | Reached XP level 3. HP: 15/26 MP: 2/8
  1451 | D:2      | Slain by a gnoll

Illustrated notes

Levels and vault maps discovered:
D:1:      saegor_arrival_fortress, layout_rooms, shapermc_ecumenical_altar_gd
D:2:      layout_rooms

Skill      XL: |  1  2  3 |
---------------+----------+-----
Conjurations   | 4 |  4.6
Spellcasting   | 2 |  2.0
Dodging        | 2 |  2.0
Stealth        | 2 |  2.0
Unarmed Combat | |  0.1

Action                   || total
-------------------------++-------
Melee: Unarmed           ||    10
       Short sword       ||    41
 Cast: Magic Dart        ||    42
       Searing Ray       ||     7
Armor: Robe              ||    12
Dodge: Dodged            ||    64
